 Dungeon Sprint DCSS version 0.18-b1-16-g289874d (webtiles) character file.

39393 otab the Executioner (level 14, -1/108 HPs)
             Began as a Formicid Fighter on May 1, 2016.
             Was the Champion of the Shining One.
             Killed from afar by a black draconian (14 damage)
             ... with a bolt of lightning
             ... in the Dungeon (Sprint V: "Ziggurat Sprint").
             The game lasted 00:08:12 (1339 turns).

otab the Executioner (Formicid Fighter)             Turns: 1339, Time: 00:08:12

Health: -1/108     AC: 35    Str: 30    XL:     14   Next: 39%
Magic:  8/26       EV: 12    Int:  9    God:    the Shining One [******]
Gold:   0          SH: 53    Dex: 25    Spells: 0 memorised, 13 levels left

rFire  + . .     SeeInvis +     b - +8 mithril axe "Arga" {speed, MR+ Str+2}
rCold  x . .     Gourm    .     K - +15 Maxwell's patent armour {-Cast -Tele rElec MR+ rCorr}
rNeg   + + +     Faith    .     L - +18 shield of the gong {rElec rN+ MR+ EV-5}
rPois  +         Spirit   .     (helmet unavailable)
rElec  +         Dismiss  .     (no cloak)
rCorr  +         Reflect  +     (no gloves)
SustAt .         Harm     .     (no boots)
MR     ++++.     NoCast   +     B - +4 amulet of reflection
Stlth  ..........               a - ring of Isoskyle {MR- AC+6 Str+7 Dex+4 Stlth+}
                                c - ring of the Five Nights {Fire rPois MR+ Dex+2}

@: agile, liquid flames, divine shield, glowing, incredibly resistant to hostile
enchantments, extremely unstealthy
A: permanent stasis, dig shafts and tunnels, four strong arms, antennae 3, frail
1
a: Dig, Divine Shield, Cleansing Flame, Summon Divine Warrior, Renounce Religion


You were in the Dungeon.
You worshipped the Shining One.
The Shining One was exalted by your worship.
You were not hungry.

You visited 1 branch

Inventory:

Hand Weapons
 b - the +8 mithril axe "Arga" (weapon) {speed, MR+ Str+2}
   (You found it in the Dungeon)

   Attacks with this weapon are significantly faster.
   It affects your strength (+2).
   It affects your resistance to hostile enchantments.
 M - a +9 executioner's axe of holy wrath
Armour
 K - the +15 Maxwell's patent armour (worn) {-Cast -Tele rElec MR+ rCorr}
   (You found it in the Dungeon)

   It insulates you from electricity.
   It affects your resistance to hostile enchantments.
   It prevents spellcasting.
   It prevents most forms of teleportation.
   It protects you from acid and corrosion.
 L - the +18 shield of the gong (worn) {rElec rN+ MR+ EV-5}
   (You found it in the Dungeon)

   It affects your evasion (-5).
   It insulates you from electricity.
   It protects you from negative energy.
   It affects your resistance to hostile enchantments.
Jewellery
 a - the ring of Isoskyle (right hand) {MR- AC+6 Str+7 Dex+4 Stlth+}
   (You found it in the Dungeon)

   [ring of protection]

   It affects your AC (+6).
   It affects your strength (+7).
   It affects your dexterity (+4).
   It affects your resistance to hostile enchantments.
   It makes you more stealthy.
 c - the ring of the Five Nights (left hand) {Fire rPois MR+ Dex+2}
   (You found it in the Dungeon)

   [ring of fire]

   It enhances your fire magic, and weakens your ice magic.
   It affects your dexterity (+2).
   It protects you from fire.
   It makes you vulnerable to cold.
   It protects you from poison.
   It affects your resistance to hostile enchantments.
 y - an uncursed ring of magical power
 A - an uncursed amulet of regeneration
 B - a +4 amulet of reflection (around neck)
Wands
 F - a wand of disintegration (7/24)
 G - a wand of iceblast (0/15)
 H - a wand of lightning (5/15)
 I - a wand of acid (4/15)
Scrolls
 k - 4 scrolls of blinking
 o - a scroll of brand weapon
 q - 4 scrolls of amnesia
 r - 3 scrolls of recharging
 s - 7 scrolls of fog
 t - a scroll of holy word
 u - 5 scrolls of identify
 v - 4 scrolls of remove curse
 w - 2 scrolls of fear
Potions
 d - 6 potions of might
 e - 10 potions of curing
 g - 9 potions of heal wounds
 h - 6 potions of haste
 i - 7 potions of magic
 j - 3 potions of berserk rage
 l - 2 potions of brilliance
 m - 2 potions of invisibility
 n - 3 potions of resistance
 p - 6 potions of agility
Miscellaneous
 C - a legendary deck of wonders
Comestibles
 f - 5 bread rations
 x - 42 fruits
 z - 3 meat rations


   Skills:
 + Level 14.9 Fighting
 * Level 23.0 Axes
 + Level 10.4 Armour
 + Level 4.2 Dodging
 + Level 18.7 Shields
 * Level 17.7 Invocations


You had 13 spell levels left.
You didn't know any spells.

Dungeon Overview and Level Annotations

Branches:
Dungeon (1/1)

Altars:
Ashenzari
Cheibriados
Dithmenos
Elyvilon
Fedhas
Gozag
Kikubaaqudgha
Makhleb
Nemelex Xobeh
Okawaru
Pakellas
Qazlal
Ru
Sif Muna
Trog
Vehumet
Xom
Yredelemnul
Zin
The Shining One
Beogh
Jiyva
Lugonu


Innate Abilities, Weirdness & Mutations

You are under a permanent stasis effect.
You can dig through walls and to a lower floor.
Your four strong arms can wield two-handed weapons with a shield.
You have a pair of large antennae on your head (SInv).
You are frail (-10% HP).


Message History

You kill the mottled draconian!
Your Axes skill increases to level 23!
You are covered in liquid flames!
You block the red draconian's attack.
PTOANNNG!
You block the death drake's attack.
BONNNG!
Unknown command.
Unknown command.
Unknown command.
You are covered in liquid flames!
* * * LOW HITPOINT WARNING * * *
The white draconian caller mumbles some strange words.
A dragon appears.
You block the death drake's attack.
GONNNNG!
You block the red draconian's attack.
GONNNNG!
The black draconian breathes lightning at you.
The bolt of lightning hits you! You resist.
You die...

▓▓▓▓▓▓▓▓▓▓▓▓▓▓▓▓▓▓▓▓▓▓▓
▓.....8©8.....▓....8©8.
▓..[}}[[):|...▓..)):[=[
▓...))::=D)...▓..[=)..)
▓.............▓........
▓....dd.qd....▓........
▓.....@k).....▓........
▓.....).).....▓........
▓.....))§.....▓..▓.[.÷.
▓..▓.......▓..▓.▓.▓..|▓
▓. ▓▓.....▓▓ .▓..▓...÷÷
▓..▓.......▓..▓.....[†.
▓.............▓▓▓▓▓▓▓▓▓
▓.............▓....8©8.
▓▓▓▓▓▓▓▓▓▓▓▓▓▓▓...)..:}


You could see a black draconian, 2 draconians, an ice dragon, a white draconian
caller and a death drake.

Vanquished Creatures
  An ancient lich (D)
  A titan (D)
  An acid blob (D)
  A storm dragon (D)
  An azure jelly (D)
  2 draconian knights (D)
  A draconian scorcher (D)
  A draconian zealot (D)
  2 black draconians (D)
  A mottled draconian (D)
  2 purple draconians (D)
  2 yellow draconians (D)
  A mummy priest (D)
  2 death oozes (D)
  3 spriggan air magi (D)
  A death scarab (D)
  An anubis guard (D)
  2 necromancers (D)
  A shining eye (D)
  An apocalypse crab (D)
  2 rime drakes (D)
  4 freezing wraiths (D)
  2 ice devils (D)
  7 guardian mummies (D)
  2 jumping spiders (D)
  2 polar bears (D)
  3 wind drakes (D)
  4 slime creatures (D)
  2 ushabtiu (D)
  2 air elementals (D)
  A flying skull (D)
  2 shadows (D)
  A tarantella (D)
  A neqoxec (D)
  2 golden eyes (D)
  4 insubstantial wisps (D)
  A giant eyeball (D)
  2 orc warriors (D)
  2 ice beasts (D)
  3 necrophages (D)
  3 phantoms (D)
  A scorpion (D)
  5 wights (D)
  2 jellies (D)
  A crimson imp (D)
  2 orc wizards (D)
  8 mummies (D)
  2 adders (D)
  A shadow imp (D)
  4 white imps (D)
  3 oozes (D)
  An adder skeleton (D)
  2 orcs (D)
  4 bat skeletons (D)
  A bat zombie (D)
  A ball python (D)
  3 giant cockroach zombies (D)
  A giant gecko skeleton (D)
  2 quokka skeletons (D)
  A quokka zombie (D)
125 creatures vanquished.

Notes
Turn   | Place    | Note
--------------------------------------------------------------
     0 | D        | otab the Formicid Fighter began the quest for the Orb.
     0 | D        | Reached XP level 1. HP: 18/18 MP: 1/1
     4 | D        | Found a viscous altar of Jiyva.
     4 | D        | Found a roughly hewn altar of Beogh.
     4 | D        | Found a corrupted altar of Lugonu.
     4 | D        | Found a white marble altar of Elyvilon.
     4 | D        | Found a sparkling altar of Nemelex Xobeh.
     5 | D        | Found a burning altar of Makhleb.
     5 | D        | Found an iron altar of Okawaru.
     5 | D        | Found a deep blue altar of Sif Muna.
     5 | D        | Found a radiant altar of Vehumet.
     5 | D        | Found a bloodstained altar of Trog.
     5 | D        | Found a shimmering altar of Xom.
    74 | D        | Became a worshipper of the Shining One
    88 | D        | Entered arena 1.
    88 | D        | Reached * piety under the Shining One
    97 | D        | Reached skill level 4 in Axes
    97 | D        | Reached skill level 1 in Dodging
    97 | D        | Reached XP level 2. HP: 26/26 MP: 1/5
   102 | D        | Entered arena 2.
   102 | D        | Reached ** piety under the Shining One
   106 | D        | Reached skill level 5 in Shields
   106 | D        | Reached XP level 3. HP: 31/31 MP: 1/6
   112 | D        | Got the ring of Isoskyle {MR- AC+6 Str+7 Dex+4 Stlth+}
   119 | D        | Entered arena 3.
   119 | D        | Noticed a necrophage
   119 | D        | Reached *** piety under the Shining One
   121 | D        | Reached **** piety under the Shining One
   125 | D        | Killed a necrophage
   125 | D        | Reached skill level 5 in Fighting
   125 | D        | Reached skill level 5 in Axes
   125 | D        | Reached skill level 5 in Armour
   125 | D        | Reached skill level 5 in Invocations
   125 | D        | Reached XP level 4. HP: 40/40 MP: 6/8
   125 | D        | Reached XP level 5. HP: 46/46 MP: 6/9
   151 | D        | Entered arena 4.
   151 | D        | Noticed a jumping spider
   151 | D        | Reached ***** piety under the Shining One
   151 | D        | Noticed a jumping spider
   151 | D        | Noticed a tarantella
   155 | D        | Reached skill level 6 in Axes
   156 | D        | Killed a tarantella
   156 | D        | Reached skill level 7 in Axes
   156 | D        | Reached XP level 6. HP: 43/55 MP: 9/11
   161 | D        | Killed a jumping spider
   161 | D        | Reached skill level 8 in Axes
   161 | D        | Reached XP level 7. HP: 44/60 MP: 9/12
   165 | D        | Killed a jumping spider
   165 | D        | Reached skill level 10 in Shields
   165 | D        | Reached XP level 8. HP: 51/68 MP: 10/14
   194 | D        | Entered arena 5.
   194 | D        | Noticed an apocalypse crab
   194 | D        | Reached ****** piety under the Shining One
   204 | D        | Killed an apocalypse crab
   204 | D        | Reached skill level 9 in Axes
   205 | D        | Reached skill level 10 in Axes
   215 | D        | Got the ring of the Five Nights {Fire rPois MR+ Dex+2}
   226 | D        | Identified a +7 executioner's axe of holy wrath (a +5 executioner's axe of protection blessed by the Shining One)
   226 | D        | Received a gift from the Shining One
   227 | D        | Entered arena 6.
   236 | D        | Reached XP level 9. HP: 64/75 MP: 14/16
   244 | D        | Got the ring "Simyr" {Int+6 Stlth+}
   249 | D        | Got the cursed ring of Xilu {-Tele +Fly rF+ AC-3}
   252 | D        | Entered arena 7.
   252 | D        | Noticed a polar bear
   252 | D        | Noticed a rime drake
   252 | D        | Noticed a freezing wraith
   252 | D        | Noticed a polar bear
   252 | D        | Noticed an ice devil
   260 | D        | Killed a polar bear
   260 | D        | Reached skill level 11 in Axes
   261 | D        | Killed an ice devil
   262 | D        | Killed a polar bear
   262 | D        | Reached skill level 10 in Invocations
   264 | D        | Killed a rime drake
   264 | D        | Reached skill level 12 in Axes
   265 | D        | Killed a freezing wraith
   314 | D        | Entered arena 8.
   314 | D        | Noticed a slime creature
   314 | D        | Noticed a shining eye
   316 | D        | Reached XP level 10. HP: 78/85 MP: 17/17
   316 | D        | Gained mutation: You are frail (-10% HP). [a shining eye]
   320 | D        | Killed a shining eye
   320 | D        | Reached skill level 10 in Fighting
   320 | D        | Reached skill level 13 in Axes
   332 | D        | Entered arena 9.
   345 | D        | Reached skill level 14 in Axes
   354 | D        | Entered arena 10.
   354 | D        | Noticed a freezing wraith
   354 | D        | Noticed a rime drake
   354 | D        | Noticed a freezing wraith
   354 | D        | Noticed a freezing wraith
   354 | D        | Noticed an ice devil
   359 | D        | Killed a freezing wraith
   359 | D        | Killed a freezing wraith
   360 | D        | Killed a freezing wraith
   361 | D        | Killed an ice devil
   365 | D        | Killed a rime drake
   365 | D        | Reached skill level 15 in Axes
   366 | D        | Reached XP level 11. HP: 79/82 MP: 19/19
   388 | D        | Entered arena 11.
   388 | D        | Noticed an acid blob
   388 | D        | Noticed a death ooze
   390 | D        | Noticed an azure jelly
   390 | D        | Noticed a death ooze
   393 | D        | Killed a death ooze
   399 | D        | Killed a death ooze
   399 | D        | Reached skill level 16 in Axes
   404 | D        | Killed an acid blob
   405 | D        | Killed an azure jelly
   405 | D        | Reached skill level 17 in Axes
   405 | D        | Reached skill level 15 in Shields
   411 | D        | Reached XP level 12. HP: 66/91 MP: 21/21
   430 | D        | Entered arena 12.
   441 | D        | Reached skill level 18 in Axes
   451 | D        | Got the ring of the Komodo Dragon {rC+ MR+}
   453 | D        | Entered arena 13.
   454 | D        | Noticed an ancient lich
   460 | D        | Killed an ancient lich
   460 | D        | Reached skill level 19 in Axes
   461 | D        | Reached XP level 13. HP: 52/97 MP: 23/23
   465 | D        | Reached skill level 20 in Axes
   684 | D        | Entered arena 14.
   686 | D        | Noticed a mummy priest
   693 | D        | Noticed a jiangshi
   698 | D        | Reached skill level 15 in Invocations
   705 | D        | Killed a mummy priest
   972 | D        | Entered arena 15.
   973 | D        | Noticed a spriggan air mage
   974 | D        | Noticed a spriggan air mage
   974 | D        | Noticed a storm dragon
   974 | D        | Noticed a titan
   975 | D        | Noticed a spriggan air mage
   982 | D        | Killed a spriggan air mage
   994 | D        | Killed a titan
   994 | D        | Reached skill level 21 in Axes
   995 | D        | Killed a spriggan air mage
  1007 | D        | Killed a spriggan air mage
  1012 | D        | Killed a storm dragon
  1308 | D        | Entered arena 16.
  1311 | D        | Noticed a mottled draconian
  1311 | D        | Noticed a white draconian caller
  1311 | D        | Noticed a black draconian
  1311 | D        | Noticed a black draconian
  1311 | D        | Noticed a red draconian
  1311 | D        | Noticed a red draconian scorcher
  1311 | D        | Noticed a purple draconian
  1312 | D        | Noticed a green draconian knight
  1312 | D        | Noticed a yellow draconian zealot
  1312 | D        | Noticed a green draconian knight
  1312 | D        | Noticed a black draconian
  1312 | D        | Noticed a purple draconian
  1312 | D        | Noticed a red draconian
  1312 | D        | Noticed a yellow draconian
  1312 | D        | Noticed a yellow draconian
  1320 | D        | Killed a black draconian
  1323 | D        | Killed a red draconian scorcher
  1323 | D        | Reached skill level 22 in Axes
  1327 | D        | Killed a green draconian knight
  1327 | D        | Reached skill level 10 in Armour
  1327 | D        | Reached XP level 14. HP: 38/108 MP: 20/26
  1329 | D        | Killed a purple draconian
  1329 | D        | Killed a yellow draconian zealot
  1330 | D        | Killed a purple draconian
  1330 | D        | Killed a yellow draconian
  1331 | D        | Killed a black draconian
  1333 | D        | Killed a yellow draconian
  1338 | D        | Killed a green draconian knight
  1338 | D        | Killed a mottled draconian
  1338 | D        | Reached skill level 23 in Axes
  1339 | D        | Killed from afar by a black draconian

Skill      XL: |  1  2  3  4  5  6  7  8  9 10 11 12 13 14 |
---------------+-------------------------------------------+-----
Fighting       | 4 5 7 8 9 10 12 13 14 | 14.9
Axes           | 4 5 7 8 10 12 15 17 19 22 23 | 23.0
Armour         | 4 5 6 7 8 9 10 | 10.4
Dodging        | 1 2 3 4 |  4.2
Shields        | 4 5 6 8 9 10 11 12 14 15 16 17 18 | 18.7
Invocations    | 4 5 6 7 8 9 10 11 13 14 16 17 | 17.7

Action                   |  1- 3 |  4- 6 |  7- 9 | 10-12 | 13-15 || total
-------------------------+-------+-------+-------+-------+-------++-------
Melee: Executioner's axe |    10 |       |       |    33 |    21 ||    64
       Broad axe         |       |     7 |    32 |    24 |    50 ||   113
Invok: Brand Weapon With |       |       |     1 |       |       ||     1
       Cleansing Flame   |       |       |       |     1 |     7 ||     8
       Divine Shield     |       |       |       |       |     1 ||     1
Evoke: Wand              |       |       |     1 |     5 |       ||     6
  Use: Scroll            |     1 |       |     1 |     2 |       ||     4
       Potion            |     1 |       |     1 |     1 |     3 ||     6
  Eat: Meat ration       |       |       |       |       |     1 ||     1
Armor: Plate armour      |    10 |     9 |    14 |    29 |    42 ||   104
Dodge: Dodged            |       |     1 |     4 |     9 |    26 ||    40
Block: Shield            |    22 |    21 |    57 |    72 |   163 ||   335
       Reflection        |       |       |       |       |    10 ||    10
